 Dungeon Crawl Stone Soup version 0.27-a0-54-g64bdb92e38 (webtiles) character file.

Game seed: 11353416671854609170

12155 Borgoz the Grappler (level 11, -5/100 HPs)
             Began as a Ghoul Gladiator on Jan 7, 2021.
             Was a Believer of Ashenzari.
             Slain by a death scarab (20 damage)
             ... in a Gauntlet.
             The game lasted 00:19:47 (11858 turns).

Borgoz the Grappler (Ghoul Gladiator)              Turns: 11858, Time: 00:19:48

Health: -5/100     AC: 17    Str: 21    XL:     11   Next: 88%
Magic:  10/10      EV: 14    Int:  7    God:    Ashenzari [**....]
Gold:   833        SH:  0    Dex: 11    Spells: 10/10 levels left

rFire    . . .     SeeInvis .     - Unarmed
rCold    + + .     Faith    .   (no shield)
rNeg     + + +     Spirit   .   x - +7 Kryia's mail coat {PotionHeal*2 rC+}
rPois    ∞         Reflect  .   q - +1 hat
rElec    .         Harm     .   s - +0 cloak
rCorr    .         Rampage  .   (no gloves)
Will     .....     NoTele   +   (no boots)
Stlth    ++........             w - amulet "Bueck" {Regen+ Int+4}
HPRegen  0.00/turn              h - +4 ring of slaying
MPRegen  0.12/turn              l - ring "Acicvoob" {Slay+6 Stlth+}

@: slowed, very slow
A: claws 1, cold resistance 1, negative energy resistance 3, inhibited
regeneration, torment resistance, unbreathing
a: Renounce Religion, Curse Item, Scrying


You were in a Gauntlet.
You worshipped Ashenzari.
Ashenzari was pleased with you.
You visited 3 branches of the dungeon, and saw 13 of its levels.
You also visited: Gauntlet.

You collected 833 gold pieces.

Inventory:

Missiles
 c - 3 throwing nets (quivered)
Armour
 q - a +1 hat (worn)
 s - a +0 cloak (worn)
 x - the +7 Kryia's mail coat (worn) {PotionHeal*2 rC+}
   (You found it on level 10 of the Dungeon)

   It protects you from cold.
Jewellery
 h - a +4 ring of slaying (left claw)
 l - the ring "Acicvoob" (right claw) {Slay+6 Stlth+}
   (You found it on level 6 of the Dungeon)

   [ring of stealth]

   It affects your accuracy and damage with ranged weapons and melee attacks
   (+6).
   It makes you more stealthy.
 w - the amulet "Bueck" (around neck) {Regen+ Int+4}
   (You acquired it on level 11 of the Dungeon)

   [amulet of regeneration]

   It affects your intelligence (+4).
   It increases your rate of regeneration.
 A - an uncursed ring of protection from cold
Wands
 t - a wand of acid (7)
 z - a wand of random effects (13)
Scrolls
 d - 4 scrolls of enchant weapon
 j - a scroll of magic mapping
 n - 2 scrolls of enchant armour
 u - 3 scrolls of remove curse
 v - a scroll of fog
 y - a scroll of torment
Potions
 p - 2 potions of flight


   Skills:
 + Level 10.2 Fighting
 - Level 1.7 Throwing
 + Level 8.2 Armour
 + Level 9.0 Dodging
 - Level 5.0 Stealth
 + Level 10.4 Unarmed Combat


You had 10 spell levels left.
You didn't know any spells.
Your spell library contained the following spells:

 Spells                   Type           Power        Failure   Level
 Animate Skeleton         Necr           0%           73%         1
 Apportation              Tloc           0%           73%         1
 Corona                   Hex            0%           73%         1
 Summon Small Mammal      Summ           0%           73%         1


Dungeon Overview and Level Annotations

Branches:
Dungeon (11/15)            Temple (1/1) D:5            Lair (1/6) D:8
    Orc (0/2) D:9         Gauntlet (1/1)

Altars:
Ashenzari
Cheibriados
Dithmenos
Elyvilon
Fedhas
Gozag
Hepliaklqana
Kikubaaqudgha
Makhleb
Nemelex Xobeh
Okawaru
Qazlal
Ru
Sif Muna
Trog
Uskayaw
Vehumet
Wu Jian
Xom
Yredelemnul
Zin
The Shining One
Beogh

Annotations:
Gauntlet 11 transporters


Innate Abilities, Weirdness & Mutations

You thrive by killing the living.
You are immune to poison.
You have sharp fingernails.
Your flesh is cold resistant. (rC+)
You are immune to negative energy. (rN+++)
You do not regenerate when monsters are visible.
You are immune to unholy pain and torment.
You can survive without breathing.


Message History

* * * LOW HITPOINT WARNING * * *
The death scarab bites you.
* * * LOW HITPOINT WARNING * * *
The death scarab drains your vigour!
You feel as though you will be slow longer.
The death scarab bites you.
* * * LOW HITPOINT WARNING * * *
The death scarab drains your vigour!
You feel as though you will be slow longer.
Okay, then.
Throw: 4 throwing nets
Press: ? - help, Q - select action, (/) - cycle Shift-Dir - straight line, f - death scarab
Aim: a death scarab (lightly damaged)
You throw a throwing net. The throwing net hits the death scarab.
The death scarab is caught in the net!
The death scarab is lightly damaged.
The death scarab struggles against the net. x2
The net rips apart, and the death scarab comes free!
The death scarab bites you!!
You die...

##..##y.##.##.⌠.#.###.^.
##...##y#..###...#.#.###$
##≈.∩.#y##y#$"#.⌠. ,
##≈≈...#########... *
#≈≈≈.⌠.........#.⌠.
##≈≈...#########... **
##≈.∩.#...©##!#.⌠.
##...##..##=.#...####.##(
##..###@#...#.⌠.#....##?
##©#.##B##©#©.©#.#.©.#Y
##≈.#..{#.#######.##..wY
#≈≈.#..##..##...#.##Y###
##≈.#.##....#.⌠.#..wYY##
##.#########...########
*#≈.....................
#≈≈≈#≈≈≈#≈≈≈#≈≈≈#≈≈≈#≈≈≈
##≈###≈###≈###≈###≈###≈#


You could see a death scarab and 2 killer bees.

Vanquished Creatures
  The ghost of UristMcRaven the Geomancer, a novice DgEE (D:10)
  A boulder beetle (D:11)
  A dancing weapon (D:10)
  A tengu warrior (D:11)
  An ugly thing (D:11)
  A komodo dragon (Lair:1)
  2 trolls (D:11)
  Prince Ribbit (D:5)
  9 yaks
  A wraith (D:11)
  A wyvern (D:11)
  A steam dragon (D:8)
  Menkaure (D:5)
  2 acid dragons (D:11)
  3 sky beasts
  7 orc warriors
  5 ice beasts
  2 black bears (D:9)
  A necrophage (D:5)
  A hornet zombie (D:8)
  8 centaurs
  11 ogres
  4 big kobolds
  8 bullfrogs
  A wyvern skeleton (D:9)
  2 scorpions
  9 wights (D:6)
  2 bullfrog zombies
  2 quasits
  8 hounds
  A jelly (D:6)
  2 bullfrog skeletons
  A gnoll shaman (D:5)
  7 orc priests
  6 iguanas
  6 orc wizards
  4 worker ants
  A killer bee zombie (D:6)
  A bullfrog simulacrum (D:11)
  A howler monkey zombie (D:9)
  2 worker ant zombies (D:10)
  8 gnolls
  13 adders
  3 shadow imps
  2 white imps
  2 ufetubi
  2 oozes (D:2)
  2 adder zombies (D:9)
  3 worms
  4 dart slugs
  8 leopard geckos
  47 orcs
  3 giant cockroaches
  9 hobgoblins
  12 jackals
  5 quokkas
  2 ball pythons
  13 bats
  5 frilled lizards
  A giant cockroach zombie (D:6)
  5 goblins
  A jackal skeleton (D:7)
  22 kobolds
  A leopard gecko zombie (D:6)
  2 quokka skeletons (D:6)
  5 rats
310 creatures vanquished.

Vanquished Creatures (others)
  An adder (D:8)
  A kobold (D:8)
  2 fungi
  11 plants (D:11)
15 creatures vanquished.

Grand Total: 325 creatures vanquished

Notes
Turn   | Place    | Note
-------+----------+-------------------------------------------
     0 | D:1      | Borgoz the Ghoul Gladiator began the quest for the Orb.
     0 | D:1      | Reached XP level 1. HP: 17/17 MP: 0/0
     0 | D:1      | Noticed a minotaur zombie
     2 | D:1      | Noticed a troll
     6 | D:1      | Noticed a minotaur skeleton
    11 | D:1      | Noticed a felid
    13 | D:1      | Noticed a draconian
    17 | D:1      | Noticed a merfolk zombie
    19 | D:1      | Noticed a minotaur skeleton
   139 | D:1      | Reached XP level 2. HP: 25/25 MP: 1/1
   227 | D:1      | Reached skill level 1 in Stealth
   300 | D:1      | Reached XP level 3. HP: 28/30 MP: 2/2
   675 | D:2      | Reached skill level 1 in Armour
   841 | D:2      | Noticed an ogre
   856 | D:2      | Killed an ogre
   857 | D:2      | Reached XP level 4. HP: 23/38 MP: 3/3
   857 | D:2      | Reached XP level 5. HP: 27/45 MP: 4/4
  1612 | D:3      | Noticed a centaur
  1620 | D:3      | Killed a centaur
  1621 | D:3      | Reached XP level 6. HP: 38/51 MP: 5/5
  2672 | D:4      | Reached XP level 7. HP: 12/59 MP: 6/6
  3198 | D:5      | Entered Level 5 of the Dungeon
  3456 | D:5      | Reached skill level 5 in Unarmed Combat
  3708 | D:5      | Found a staircase to the Ecumenical Temple.
  3762 | Temple   | Entered the Ecumenical Temple
  3857 | Temple   | Became a worshipper of Ashenzari the Shackled
  4034 | D:5      | Noticed Prince Ribbit
  4065 | D:5      | Noticed Menkaure
  4072 | D:5      | Killed Menkaure
  4073 | D:5      | Reached XP level 8. HP: 22/67 MP: 7/7
  4434 | D:5      | Reached skill level 5 in Fighting
  4544 | D:5      | Killed Prince Ribbit
  4739 | D:6      | Reached skill level 5 in Dodging
  4739 | D:6      | Reached skill level 5 in Stealth
  4843 | D:6      | Reached XP level 9. HP: 11/75 MP: 8/8
  5190 | D:6      | Found a hide-covered altar of Uskayaw.
  5225 | D:6      | Identified the ring "Acicvoob" {Slay+6 Stlth+}
  6000 | D:6      | Reached skill level 5 in Armour
  6099 | D:7      | Found an iron altar of Okawaru.
  6557 | D:7      | Reached * piety under Ashenzari
  6589 | D:7      | Identified the +1 robe of Venimav {rElec rN+++ Str+2 Int+3}
  7087 | D:8      | Found a staircase to the Lair.
  7279 | D:8      | Reached XP level 10. HP: 66/86 MP: 9/9
  7595 | D:8      | Reached ** piety under Ashenzari
  8317 | D:9      | Found a staircase to the Orcish Mines.
  8812 | D:10     | Entered Level 10 of the Dungeon
  8831 | D:10     | Found a roughly hewn altar of Beogh.
  9233 | D:10     | Reached *** piety under Ashenzari
  9371 | D:10     | Reached XP level 11. HP: 71/97 MP: 10/10
  9541 | D:10     | Found the +7 Kryia's mail coat {PotionHeal*2 rC+}
  9587 | D:10     | Found a runed translucent door.
  9587 | D:10     | Found a shimmering altar of Xom.
  9587 | D:10     | Noticed UristMcRaven's ghost (novice DgEE)
  9588 | D:10     | Noticed a +2 long sword of chaos
  9830 | D:10     | Killed a +2 long sword of chaos
  9840 | D:10     | Killed UristMcRaven's ghost
  9946 | D:11     | Noticed a boulder beetle
  9958 | D:11     | Killed a boulder beetle
 10154 | D:11     | Reached skill level 10 in Unarmed Combat
 10446 | D:11     | Noticed a cyan ugly thing
 10464 | D:11     | Killed a cyan ugly thing
 11120 | D:11     | Reached skill level 10 in Fighting
 11249 | D:11     | Identified a scroll of acquirement
 11251 | D:11     | Acquired the cursed amulet "Bueck" {Regen+ Int+4}
 11352 | D:11     | Noticed a tengu warrior
 11364 | D:11     | Noticed a boulder beetle
 11367 | D:11     | Killed a tengu warrior
 11595 | Lair:1   | Entered Level 1 of the Lair of Beasts
 11703 | Lair:1   | Found a gate leading to a gauntlet.
 11712 | Gauntlet | Entered a Gauntlet
 11712 | Gauntlet | Found a transporter.
 11712 | Gauntlet | Found a transporter.
 11712 | Gauntlet | Noticed a death scarab
 11742 | Gauntlet | Found a transporter.
 11745 | Gauntlet | Found a transporter.
 11753 | Gauntlet | Found a transporter.
 11758 | Gauntlet | Found a transporter.
 11763 | Gauntlet | Noticed a ghost crab
 11765 | Gauntlet | Found a transporter.
 11781 | Gauntlet | Found a transporter.
 11781 | Gauntlet | Noticed a death yak
 11787 | Gauntlet | Noticed a death yak
 11789 | Gauntlet | Noticed a death yak
 11795 | Gauntlet | Found a transporter.
 11799 | Gauntlet | Found a transporter.
 11810 | Gauntlet | Found a transporter.
 11811 | Gauntlet | Found a transporter.
 11858 | Gauntlet | Slain by a death scarab

Illustrated notes

Levels and vault maps discovered:
D:1:      shiori_arrival_whats_in_store_for_you, layout_basic,
          hangedman_decor_peaks_small
D:2:      layout_basic
D:3:      layout_loops_ring
D:4:      layout_gridville
D:5:      layout_basic, minmay_temple_entry_enclosed_plants, uniq_menkaure,
          uniq_prince_ribbit1
D:6:      layout_gridville, eat_drink_and_be_merry_uskayaw,
          minmay_misc_feat_rows, eino_curves_01
D:7:      layout_rooms, basic_altar, hangedman_decor_clover_reticule,
          amethyst_killhole, minmay_misc_feat_chi
D:8:      layout_cave_pods, lair_entry_dummy, serial_glass, glass_columns_a,
          glass_columns_c, glass_columns_c, glass_columns_a, glass_columns_a
D:9:      layout_basic, orc_0_dummy, minmay_starry_boxes
D:10:     layout_loops_ring, ebering_ghost_xom, special_room [special_room_orc]
D:11:     minmay_the_grid_3x2 [minmay_the_grid_garden,
          minmay_the_grid_tiny_cups, minmay_the_grid_diamond_grid,
          minmay_the_grid_minigrid_medium, minmay_the_grid_tree,
          minmay_the_grid_prize_four_corners_diamond_b], layout_loops_corners,
          minmay_misc_feat_more_columns
Temple:   kilobyte_greek_temple
Lair:1:   layout_hall_layers, gauntlet_entry_generic, lemuel_fruit_tree
Gauntlet: minmay_gauntlet_77_indecision [minmay_gauntlet_arena_77_fan,
          minmay_gauntlet_arena_77_tiled_triplets,
          minmay_gauntlet_arena_77_p_blocks, minmay_gauntlet_arena_77_mirror,
          minmay_gauntlet_arena_77_museum, minmay_gauntlet_arena_77_two_paths,
          gauntlet_exit_green]

Skill      XL: |  1  2  3  4  5  6  7  8  9 10 11 |
---------------+----------------------------------+-----
Stealth        | 1 2 3 4 5 |  5.0
Dodging        | 3 4 5 6 7 9 |  9.0
Armour         | 1 2 3 4 5 7 8 |  8.2
Fighting       | 3 4 6 7 9 10 | 10.2
Unarmed Combat | 4 5 6 7 9 10 | 10.4
Throwing       | |  1.7

Action                   |  1- 3 |  4- 6 |  7- 9 | 10-12 || total
-------------------------+-------+-------+-------+-------++-------
Melee: Unarmed           |   119 |   150 |   295 |   360 ||   924
       Punch             |     1 |     6 |     6 |    20 ||    33
Throw: Throwing net      |     1 |       |     4 |     1 ||     6
Invok: Curse Item        |       |       |     3 |       ||     3
  Use: Potion            |     4 |     4 |     6 |     4 ||    18
       Scroll            |     2 |     5 |     4 |     9 ||    20
 Stab: Sleeping          |       |     1 |     6 |    13 ||    20
Armor: Leather armour    |    18 |       |       |       ||    18
       Ring mail         |    18 |    52 |    65 |   106 ||   241
       Scale mail        |       |       |       |     1 ||     1
Dodge: Dodged            |    82 |   118 |   198 |   256 ||   654

Table legend: (Time is in decaauts)
 A = Elapsed time spent in this place.
 B = Non-inter-level travel time spent in this place.
 C = Inter-level travel time spent in this place.
 D = Time resting spent in this place.
 E = Time spent auto-exploring this place.
 F = Levels seen in this place.
 G = Mean time per level.
                   A        B        C        D        E       F      G
               +--------+--------+--------+--------+--------+-----+--------+
         Total |  11718 |  11259 |    459 |   2737 |   6367 |  14 |  837.0 |
       Dungeon |  11321 |  10871 |    450 |   2737 |   6163 |  11 | 1029.2 |
        Temple |    133 |    125 |      8 |      0 |    115 |   1 |  133.0 |
          Lair |    115 |    115 |      0 |      0 |      0 |   1 |  115.0 |
      Gauntlet |    146 |    146 |      0 |      0 |     89 |   1 |  146.0 |
               +--------+--------+--------+--------+--------+-----+--------+

Top non-repeatable levels by time:
    D:10: 1592 daAuts
     D:5: 1391 daAuts
     D:6: 1319 daAuts
    D:11: 1084 daAuts
     D:8: 948 daAuts
     D:9: 945 daAuts
     D:2: 925 daAuts
     D:4: 905 daAuts
     D:7: 864 daAuts
     D:3: 684 daAuts
     D:1: 661 daAuts
Gauntlet: 146 daAuts
  Temple: 133 daAuts
  Lair:1: 115 daAuts
